 Dungeon Crawl Stone Soup version 0.21-a0-460-g737a915 (webtiles) character file.

2399 tof the Covert (level 9, -7/61 HPs)
             Began as an Octopode Assassin on Nov 20, 2017.
             Was an Initiate of Dithmenos.
             Mangled by a hog (13 damage)
             ... on level 6 of the Dungeon.
             The game lasted 00:11:11 (6655 turns).

tof the Covert (Octopode Assassin)                  Turns: 6655, Time: 00:11:12

Health: -7/61      AC:  1    Str: 12    XL:     9   Next: 46%
Magic:  9/9        EV: 16    Int: 13    God:    Dithmenos [......]
Gold:   156        SH:  0    Dex: 17    Spells: 8/8 levels left

rFire    . . .     SeeInvis +   a - +2 dagger (venom)
rCold    . . .     Gourm    .   (no shield)
rNeg     . . .     Faith    .   (helmet restricted)
rPois    .         Spirit   .   (no amulet)
rElec    .         Reflect  .   h - ring of stealth
rCorr    +         Harm     .   j - ring of see invisible
MR       .....                  p - ring of resist corrosion
Stlth    ++++++....             n - ring of flight (curse)
HPRegen  0.20/turn              H - +2 ring of strength
MPRegen  0.11/turn              (no ring)
                                (no ring)
                                (no ring)

@: no status effects
A: almost no armour, stealthy swim, amphibious, 8 rings, constrict 8, camouflage
1, gelatinous body 1
a: Renounce Religion, Evoke Flight


You were on level 6 of the Dungeon.
You worshipped Dithmenos.
Dithmenos was noncommittal.
You were very hungry.

You visited 2 branches of the dungeon, and saw 8 of its levels.

You collected 156 gold pieces.

Inventory:

Hand Weapons
 a - a +2 dagger of venom (weapon)
 b - a +0 blowgun
 s - a +2 dagger
 E - a +1 dagger of electrocution
Missiles
 d - 2 curare-tipped needles
 f - 28 poisoned needles
 r - 5 javelins (quivered)
 y - a throwing net
Jewellery
 h - a ring of stealth (left tentacle)
 j - a ring of see invisible (right tentacle)
 n - a cursed ring of flight (on tentacle)
 p - a ring of resist corrosion (on tentacle)
 H - a +2 ring of strength (on tentacle)
Scrolls
 e - 2 scrolls of fear
 l - 4 scrolls of teleportation
 o - 3 scrolls of remove curse
 t - 4 scrolls of magic mapping
 v - 2 scrolls of enchant armour
 x - a scroll of enchant weapon {unknown}
 C - a scroll of blinking {unknown}
 F - 2 scrolls of identify
Potions
 g - 3 potions of heal wounds {unknown}
 i - a potion of lignification {unknown}
 q - a potion of degeneration {unknown}
 u - a potion of flight {unknown}
 w - 2 potions of berserk rage {unknown}
 z - a potion of ambrosia {unknown}
 A - a potion of cancellation {unknown}
 B - a potion of haste {unknown}
 D - a potion of curing {unknown}
 G - a potion of agility {unknown}
Comestibles
 c - 6 bread rations
 k - 3 royal jellies
 m - 3 meat rations
 I - 10 fruits


   Skills:
 + Level 5.3 Fighting
 * Level 7.5 Short Blades
 + Level 5.3 Throwing
 + Level 5.0 Dodging
 + Level 9.0 Stealth


You had 8 spell levels left.
You didn't know any spells.

Dungeon Overview and Level Annotations

Branches:
Dungeon (7/15)             Temple (1/1) D:6

Altars:
Ashenzari
Cheibriados
Dithmenos
Hepliaklqana
Kikubaaqudgha
Makhleb
Nemelex Xobeh
Okawaru
Ru
Yredelemnul

Shops:
D:4 !

Annotations:
D:3 2 transporters


Innate Abilities, Weirdness & Mutations

You cannot wear most types of armour.
You are very stealthy in the water. (Stealth+)
You are amphibious.
You can wear up to eight rings at the same time.
You can use your tentacles to constrict eight enemies at once.
Your skin changes colour to match your surroundings (Stealth+).
Your rubbery body absorbs attacks. (AC +1, EV +1)


Message History

You constrict the hog. The hog barely misses you.
You release your grip on the hog.
The hog barely misses you.
There is a stone staircase leading up here.
The hog barely misses you. The hog misses you.
You climb upwards.
There is a stone staircase leading down here.
You hit the hog.
The hog looks as sick as possible!
You grab the hog. You squeeze the hog.
The hog is heavily wounded.
You constrict the hog, but do no damage.
The hog bites you!
* * * LOW HITPOINT WARNING * * *
You completely miss the hog.
The hog is severely wounded.
You constrict the hog. You hit the hog.
The hog looks as sick as possible!
The hog is severely wounded.
You constrict the hog. The hog bites you!
You die...

#......# #.#
#......# #.#
##..#### #.#
##...## #.# #.#..#
#.# #.##.# #.#
#.##.# #.#
#..#.###.#######
##.#..........@#
#.#.........h.#
#.#...........#
#.#...........#
####.##..........#
.......))........#
.###.##.)........#
####.##..[..>....#
.....##..........#


You could see a hog.

Vanquished Creatures
  Pikel (D:7)
  A hog (D:7)
  A human (D:7)
  Duvessa (D:7)
  An orc warrior (D:6)
  3 slaves (D:7)
  A black bear (D:7)
  A sky beast (D:5)
  A centaur (D:6)
  2 bullfrogs
  Dowan (D:7)
  A scorpion (D:5)
  3 wights (D:6)
  A howler monkey (D:4)
  A centaur zombie (D:6)
  4 crimson imps
  A jelly (D:6)
  2 hounds
  3 orc priests
  2 bullfrog skeletons
  4 orc wizards
  An iguana (D:6)
  2 worker ants (D:6)
  A killer bee zombie (D:6)
  A hound skeleton (D:4)
  A gnoll (D:1)
  9 adders
  An ooze (D:4)
  An adder skeleton (D:5)
  A worm (D:3)
  2 dart slugs
  27 orcs
  A ball python (D:2)
  5 giant cockroaches
  5 goblins
  5 hobgoblins
  10 jackals
  9 kobolds
  5 quokkas
  8 bats
  3 frilled lizards
  A quokka zombie (D:6)
  8 rats
143 creatures vanquished.

Notes
Turn   | Place    | Note
-------+----------+-------------------------------------------
     0 | D:1      | tof the Octopode Assassin began the quest for the Orb.
     0 | D:1      | Reached XP level 1. HP: 14/14 MP: 1/1
   112 | D:1      | Reached XP level 2. HP: 19/19 MP: 2/2
   445 | D:1      | Reached XP level 3. HP: 24/24 MP: 3/3
  1160 | D:2      | Reached XP level 4. HP: 30/30 MP: 4/4
  1561 | D:3      | Reached XP level 5. HP: 12/35 MP: 5/5
  1905 | D:3      | Reached skill level 6 in Stealth
  2133 | D:3      | Found a transporter.
  2429 | D:3      | Found a transporter.
  2945 | D:4      | Found Kisumair's Distillery.
  2959 | D:4      | Reached XP level 6. HP: 42/42 MP: 6/6
  3424 | D:5      | Entered Level 5 of the Dungeon
  3434 | D:5      | Noticed a sky beast
  3438 | D:5      | Killed a sky beast
  3691 | D:5      | Reached XP level 7. HP: 46/46 MP: 7/7
  4243 | D:6      | Reached skill level 5 in Short Blades
  4243 | D:6      | Reached skill level 7 in Stealth
  4284 | D:6      | Reached XP level 8. HP: 35/54 MP: 8/8
  4574 | D:6      | Found a staircase to the Ecumenical Temple.
  4592 | Temple   | Entered the Ecumenical Temple
  4597 | Temple   | Became a worshipper of Dithmenos the Shadowed
  5304 | D:6      | Reached skill level 8 in Stealth
  5494 | D:7      | Noticed Duvessa
  5495 | D:7      | Noticed Dowan
  5508 | D:7      | Killed Duvessa
  5510 | D:7      | Killed Dowan
  5612 | D:7      | Noticed Pikel
  5817 | D:7      | Killed Pikel
  5817 | D:7      | Reached skill level 5 in Fighting
  5817 | D:7      | Reached skill level 5 in Throwing
  5817 | D:7      | Reached XP level 9. HP: 13/61 MP: 9/9
  6079 | D:7      | Found a burning altar of Makhleb.
  6643 | D:7      | Reached skill level 5 in Dodging
  6643 | D:7      | Reached skill level 9 in Stealth
  6655 | D:6      | Mangled by a hog

Vault maps used:
D:1:      lightli_iron_boxes
D:2:      minmay_kobold_bridge
D:3:      gammafunk_steamed_eel, first_bread
D:4:      serial_shops, shop_statue
D:6:      temple_fountains
D:7:      bloody_makhleb, grunt_livestock, grunt_tough_drop, uniq_duvessa,
          uniq_pikel
Temple:   compressed_dpeg_triangle_lava_temple

Skill      XL: |  1  2  3  4  5  6  7  8  9 |
---------------+----------------------------+-----
Short Blades   | 3 4 5 7 |  7.5
Dodging        | 2 3 4 5 |  5.0
Stealth        | 6 7 8 9 |  9.0
Throwing       | 3 4 5 |  5.3
Fighting       | 3 5 |  5.3

Action                   |  1- 3 |  4- 6 |  7- 9 || total
-------------------------+-------+-------+-------++-------
Melee: Dagger            |    58 |    91 |   177 ||   326
       Constrict         |    13 |    23 |    36 ||    72
       Tentacles         |     7 |    17 |    32 ||    56
Throw: Javelin           |       |       |     5 ||     5
  Use: Scroll            |       |       |     7 ||     7
 Stab: Sleeping          |    12 |    17 |     2 ||    31
       Distracted        |       |     1 |       ||     1
  Eat: Chunk             |     1 |     8 |     3 ||    12
       Bread ration      |       |       |     1 ||     1
Armor: Skin              |    10 |     3 |     7 ||    20
Dodge: Dodged            |    53 |    47 |   107 ||   207

Table legend:
 A = Spawn XP
 B = Non-spawn XP
 C = Spawn XP percentage of total XP
 D = Spawn monster count
 E = Non-spawn monster count
 F = Spawn count percentage of total count
 G = Total turns spent on level
                    A         B        C        D         E        F      G
               +---------+---------+-------+---------+---------+-------+---------
         Total |       0 |    3428 |   0.0 |       0 |     140 |   0.0 |  6655
               +---------+---------+-------+---------+---------+-------+---------
           D:1 |       0 |      36 |   0.0 |       0 |      16 |   0.0 |   689
           D:2 |       0 |      79 |   0.0 |       0 |      25 |   0.0 |  1065
           D:3 |       0 |     117 |   0.0 |       0 |      28 |   0.0 |   997
           D:4 |       0 |     200 |   0.0 |       0 |      14 |   0.0 |   673
           D:5 |       0 |     369 |   0.0 |       0 |      19 |   0.0 |   969
           D:6 |       0 |    1109 |   0.0 |       0 |      29 |   0.0 |  1206
           D:7 |       0 |    1518 |   0.0 |       0 |       9 |   0.0 |  1045
               +---------+---------+-------+---------+---------+-------+---------
